 Dungeon Crawl Stone Soup version 0.17.0-28-g6e173f8 (webtiles) character file.

665 coffecat the Covered (level 7, 0/61 HPs)
             Began as a Minotaur Berserker on Nov 27, 2015.
             Was a Believer of Trog.
             Slain by a slave (2 damage)
             ... led by Pikel
             ... on level 5 of the Dungeon.
             The game lasted 00:11:40 (2521 turns).

coffecat the Covered (Minotaur Berserker)           Turns: 2521, Time: 00:11:40

Health: 0/61       AC:  7    Str: 23    XL:     7   Next: 31%
Magic:  6/6        EV: 11    Int:  4    God:    Trog [**....]
Gold:   112        SH:  0    Dex: 10    Spells: 0 memorised, 6 levels left

rFire  . . .     SeeInvis .     n - +0 falchion
rCold  . . .     Clarity  .     f - +0 scale mail
rNeg   . . .     SustAt   .     (no shield)
rPois  .         Gourm    .     (helmet restricted)
rElec  .         Spirit   .     (no cloak)
rCorr  .         Warding  .     (no gloves)
rMut   .         Stasis   .     (no boots)
MR     .....                    (no amulet)
Stlth  ..........               (no ring)
                                (no ring)

@: exhausted, not resistant to hostile enchantments, extremely unstealthy
A: retaliatory headbutt, horns 2
a: Berserk, Trog's Hand, Burn Spellbooks, Renounce Religion


You were on level 5 of the Dungeon.
You worshipped Trog.
Trog was pleased with you.
You were not hungry.

You visited 1 branch of the dungeon, and saw 5 of its levels.

You collected 112 gold pieces.

Inventory:

Hand Weapons
 a - a +0 hand axe
 n - a +0 falchion (weapon)
 o - a +2 antimagic scythe
Missiles
 i - 5 javelins
 l - a tomahawk of dispersal (quivered)
Armour
 b - a +0 animal skin
 e - a +0 helmet
 f - a +0 scale mail (worn)
Jewellery
 q - a cursed ring of loudness {unknown}
Scrolls
 g - a scroll of enchant weapon {unknown}
 h - 3 scrolls of remove curse {unknown}
 t - a scroll of identify {unknown}
Potions
 d - 3 potions of curing {unknown}
 j - a potion of heal wounds {unknown}
 k - a potion of haste {unknown}
 m - 2 potions of agility {unknown}
 p - 2 potions of magic {unknown}
 r - a potion of brilliance {unknown}
 s - a potion of cure mutation {unknown}
 u - a potion of experience {unknown}
Comestibles
 c - 2 bread rations


   Skills:
 + Level 5.5 Fighting
 * Level 2.6 Long Blades
 + Level 5.4 Axes
 + Level 5.7 Armour
 + Level 4.1 Dodging
 + Level 1.4 Stealth


You had 6 spell levels left.
You didn't know any spells.

Dungeon Overview and Level Annotations

Branches:
Dungeon (5/15)
 Temple: D:4-7

Altars:
Elyvilon
Fedhas
Yredelemnul

Annotations:
D:5 Pikel


Innate Abilities, Weirdness & Mutations

You reflexively headbutt those who attack you in melee.
You have a pair of horns on your head.


Message History

You resist with some effort. The slave hits you.
* * * LOW HITPOINT WARNING * * *
The slave hits you but does no damage. The slave barely misses you.
You furiously retaliate!
You headbutt the slave! The slave hits you but does no damage.
Pikel zaps a wand.
You resist with some effort.
You hit Pikel but do no damage.
Pikel is lightly wounded.
The slave hits you but does no damage. x2
Pikel hits you but does no damage. The slave hits you.
* * * LOW HITPOINT WARNING * * *
The slave closely misses you. The slave barely misses you.
You furiously retaliate!
You headbutt the slave!
You kill the slave!
That felt strangely unrewarding.
Pikel hits you with a whip of electrocution.
* * * LOW HITPOINT WARNING * * *
You feel yourself speed up. The slave hits you.
You die...

......
##########+###.....
#............#.....
#p[..........#.....
#.pK†........+.....
#.@p..##..####.....
#.....##.p#........
###+####..'.....§..
#..#........
##+#........
#....##+# #....#
#....# +....#


You could see Pikel and 3 slaves.

Vanquished Creatures
  The ghost of coffecat the Skirmisher, an amateur OgBe of Trog (D:4)
  Sigmund (D:5)
  A sky beast (D:5)
  A slave (D:5)
  An ogre (D:5)
  A crimson imp (D:5)
  A hound (D:5)
  A worker ant (D:4)
  3 adders
  An adder skeleton (D:4)
  2 worms (D:3)
  An orc (D:3)
  A ball python (D:1)
  4 bats
  3 giant cockroaches
  4 goblins
  4 hobgoblins
  A quokka (D:2)
  3 giant geckos
  A giant newt (D:4)
  5 jackals
  4 kobolds
  4 rats
  2 fungi (D:3)
51 creatures vanquished.

Notes
Turn   | Place    | Note
--------------------------------------------------------------
     0 | D:1      | coffecat the Minotaur Berserker began the quest for the Orb.
     0 | D:1      | Reached XP level 1. HP: 19/19 MP: 0/0
   532 | D:1      | Reached XP level 2. HP: 25/27 MP: 1/1
   538 | D:1      | Reached skill level 4 in Fighting
   655 | D:2      | Found a white marble altar of Elyvilon.
   695 | D:2      | Reached XP level 3. HP: 31/33 MP: 2/2
   726 | D:3      | Reached ** piety under Trog
   946 | D:3      | Found a blossoming altar of Fedhas.
  1335 | D:4      | Noticed coffecat's ghost (amateur OgBe)
  1347 | D:4      | Reached XP level 4. HP: 7/41 MP: 3/3
  1347 | D:4      | HP: 1/41 [coffecat's ghost (6)]
  1357 | D:3      | HP: 2/41 [poisoned by a worker ant]
  1543 | D:4      | Killed coffecat's ghost
  1543 | D:4      | Reached skill level 5 in Fighting
  1543 | D:4      | Reached skill level 5 in Axes
  1543 | D:4      | Reached skill level 1 in Stealth
  1543 | D:4      | Reached XP level 5. HP: 25/48 MP: 4/4
  1816 | D:4      | Found a white marble altar of Elyvilon.
  1875 | D:5      | Entered Level 5 of the Dungeon
  1931 | D:5      | Found a basalt altar of Yredelemnul.
  2004 | D:5      | Noticed an ogre
  2012 | D:5      | Killed an ogre
  2012 | D:5      | Reached XP level 6. HP: 40/56 MP: 5/5
  2122 | D:5      | Noticed Sigmund
  2134 | D:5      | Killed Sigmund
  2134 | D:5      | Reached skill level 1 in Long Blades
  2134 | D:5      | Reached skill level 5 in Armour
  2294 | D:5      | Reached XP level 7. HP: 58/61 MP: 6/6
  2460 | D:5      | Noticed a sky beast
  2470 | D:5      | Killed a sky beast
  2478 | D:5      | Noticed Pikel
  2478 | D:5      | Noticed a slave
  2478 | D:5      | Noticed a slave
  2478 | D:5      | Noticed a slave
  2478 | D:5      | Noticed a slave
  2520 | D:5      | Killed a slave
  2520 | D:5      | HP: 2/61 [Pikel/whip of electrocution (4)]
  2521 | D:5      | Slain by a slave

Action                   |  1- 3 |  4- 6 |  7- 9 || total
-------------------------+-------+-------+-------++-------
Melee: Hand axe          |   131 |     6 |       ||   137
       Falchion          |       |    27 |    26 ||    53
       Unarmed           |       |       |     7 ||     7
Invok: Berserk           |     1 |     2 |     1 ||     4
       Trog's Hand       |     1 |     1 |     1 ||     3
  Eat: Chunk             |     1 |     1 |       ||     2
       Bread ration      |     1 |       |       ||     1
       Meat ration       |       |     1 |       ||     1
